Map: Ice and Chrome LE

Players

LiquidMaNa (MaNa)

  • Race: Protoss Protoss
  • League: Master
  • Spawn Location: 7:00

HeroMarine - Winner!

  • Race: Terran Terran
  • League: Master
  • Spawn Location: 1:00

Event: StayAtHomestory Cup #2

VOD

Have the link to the VOD?

Description

Time

  • Played on: June 11, 2020, 12:59 p.m.
  • Length: 27:48

All games in this series

Show
View Real Time Build Order
Export as new Build Order

LiquidMaNa Protoss 

Build Orders: Phoenix Opening, Blink Stalkers 

Get SALT Encoding   

  12  0:02  Probe  
  13  0:14  Probe  
  13  0:20  Pylon  
  14  0:25  Probe  
  15  0:33  Probe  
  15  0:38  Gateway  
  15  0:42  Probe  
  16  0:47  Assimilator  
  17  0:52  Probe  
  18  1:00  Probe  
  18  1:06  Assimilator  
  18  1:08  Probe  
  20  1:19  Probe  
  21  1:25  Cybernetics Core  
  21  1:31  Probe  
  22  1:41  Pylon  
  22  1:49  Nexus  
  22  1:53  Probe, Adept  
  23  2:02  Warp Gate  
  23  2:05  Probe  
  26  2:17  Probe  
  26  2:21  Stalker  
  27  2:27  Twilight Council  
  27  2:29  Probe  
  30  2:42  Probe  
  30  2:54  Probe  
  31  3:00  Probe  
  31  3:01  Sentry  
  34  3:06  Probe  
  34  3:08  Probe  
  36  3:17  Gateway  
  36  3:18  Probe x2, Blink  
  38  3:30  Probe x2  
  40  3:35  Robotics Facility  
  40  3:38  Probe  
  40  3:41  Phoenix  
  40  3:42  Probe  
  40  3:46  Probe  
  42  3:49  Pylon  
  42  3:52  Stalker  
  42  3:54  Probe  
  46  4:00  Gateway x2  
  46  4:07  Probe  
  46  4:09  Pylon  
  47  4:11  Stalker  
  47  4:14  Warp Prism  
  47  4:16  Stalker  
  52  4:19  Probe  
  53  4:29  Probe, Pylon  
  55  4:32  Probe  
  56  4:41  Probe  
  56  4:44  Probe, Stalker x2  
  62  4:47  Pylon  
  62  5:01  Nexus  
  62  5:03  Observer  
  63  5:14  Stalker x4  
  63  5:19  Probe x2  
  73  5:22  Pylon  
  73  5:31  Probe  
  70  5:49  Stalker x4  
  78  5:50  Probe  
  78  5:51  Probe  
  78  5:54  Assimilator  
  78  5:56  Assimilator  
  80  6:03  Probe x2  
  82  6:11  Probe x3  
  82  6:14  Forge x2  
  82  6:17  Robotics Bay  
  85  6:19  Probe x3  
  88  6:27  Sentry  
  88  6:28  Assimilator  
  88  6:29  Probe x2  
  88  6:30  Probe  
  88  6:32  Immortal, Assimilator  
  93  6:35  Pylon  
  93  6:41  Probe  
  93  6:46  Probe x2  
  100  6:47  Pylon  
  100  6:49  Observer  
  100  6:55  Protoss Ground Armor Level 1, Protoss Ground Weapons Level 1  
  100  7:01  Robotics Facility  
  100  7:02  Colossus  
  106  7:16  Probe x3  
  106  7:17  Pylon  
  109  7:24  Extended Thermal Lance  
  109  7:27  Pylon  
  109  7:28  Probe x3  
  109  7:29  Pylon  
  112  7:30  Shield Battery  
  112  7:31  Gateway  
  112  7:35  Colossus  
  112  7:40  Probe x3  
  112  7:44  Pylon, Photon Cannon  
  115  7:45  Sentry x2  
  115  7:49  Pylon  
  125  7:59  Pylon  
  125  8:04  Nexus  
  125  8:05  Pylon  
  125  8:10  Colossus  
  125  8:12  Charge  
  125  8:14  Zealot x4  
  139  8:32  Probe x2  
  139  8:36  Pylon  
  139  8:41  Stalker x4  
  139  8:43  Stalker  
  139  8:45  Probe  
  139  8:46  Probe  
  151  8:53  Protoss Ground Weapons Level 2, Protoss Ground Armor Level 2  
  151  8:55  Immortal  
  154  9:05  Zealot x4  
  162  9:17  Immortal  
  166  9:25  Zealot x5  
  176  9:33  Shield Battery  
  176  9:40  Pylon  
  172  9:55  Nexus  
  172  9:59  Probe x2  
  168  10:00  Pylon  
  168  10:01  Pylon  
  168  10:02  Stalker x2  
  168  10:03  Stalker x3  
  172  10:13  Colossus  
  172  10:14  Observer  
  169  10:22  Photon Cannon  
  169  10:24  Photon Cannon  
  169  10:29  Stalker x5  
  169  10:34  Probe x3  
  182  10:38  Disruptor  
  182  10:52  Nexus  
  182  10:54  Pylon  
  182  10:58  Templar Archives  
  182  11:01  Probe x2  
  182  11:02  Probe  
  185  11:09  Disruptor  
  188  11:13  Probe x2  
  188  11:14  Disruptor  
  193  11:21  Photon Cannon  
  193  11:22  Photon Cannon  
  193  11:23  Shield Battery  
  192  11:33  Zealot  
  194  11:45  Stalker  
  194  11:46  Zealot x3  
  180  11:57  Nexus  
  176  12:08  Stalker x3  
  164  12:23  Pylon  
  164  12:26  Stalker x2  
  164  12:27  Protoss Ground Weapons Level 3  
  158  12:35  Zealot x2  
  158  12:36  Protoss Ground Armor Level 3  
  151  12:44  Probe x2  
  141  12:48  Probe, Disruptor x2  
  141  12:50  Pylon  
  138  12:53  Gateway  
  138  12:55  Gateway  
  138  12:56  Probe x2  
  130  13:00  Probe  
  130  13:05  Stalker x4  
  127  13:08  Probe x4  
  127  13:12  Probe  
  138  13:16  Probe x3, Assimilator  
  138  13:17  Probe  
  138  13:20  Pylon  
  138  13:21  Pylon  
  138  13:24  Probe x3  
  138  13:26  Observer x2  
  143  13:28  High Templar x4  
  143  13:32  Archon x2  
  155  13:35  Dark Shrine  
  155  13:40  Pylon  
  155  13:45  Shield Battery, Photon Cannon  
  155  13:51  Disruptor x2  
  155  13:53  Zealot  
  155  13:54  Zealot  
  159  14:06  Zealot x3  
  159  14:07  Zealot  
  162  14:15  Stalker x2  
  157  14:19  Photon Cannon  
  157  14:20  Photon Cannon  
  147  14:31  Assimilator  
  147  14:32  Assimilator  
  147  14:33  Stalker x4  
  147  14:35  Shield Battery  
  147  14:37  Colossus x2  
  147  14:38  Photon Cannon  
  167  14:39  Assimilator  
  167  14:44  Photon Cannon  
  167  14:45  Photon Cannon  
  167  14:47  Photon Cannon  
  167  14:48  Shield Battery  
  167  14:59  Zealot x4  
  175  15:05  Dark Templar x2  
  175  15:09  Psionic Storm  
  175  15:25  High Templar x4  
  183  15:30  Shield Battery, Pylon, Photon Cannon  
  183  15:36  Protoss Shields Level 1  
  183  15:37  Assimilator  
  183  15:48  Disruptor  
  182  15:54  Disruptor  
  183  16:18  Stargate  
  183  16:19  Stargate  
  183  16:20  Dark Templar  
  183  16:23  Disruptor  
  188  16:32  Protoss Air Weapons Level 1  
  188  16:37  Dark Templar x2  
  188  16:39  Stalker x3  
  198  16:45  Gateway  
  198  16:47  Gateway  
  198  16:48  Gateway  
  198  16:50  Gateway  
  198  16:52  Gateway  
  198  16:53  Gateway  
  198  16:54  Pylon  
  196  17:03  Stalker x2  
  192  17:38  Oracle  
  183  17:50  Stalker x10  
  183  17:51  Stalker  
  197  17:56  Warp Prism  
  197  18:03  Stalker  
  197  18:04  Protoss Shields Level 2  
  197  18:15  Fleet Beacon  
  188  18:37  Observer  
  188  18:38  Observer  
  188  18:39  Nexus  
  188  18:40  Zealot x2, Dark Templar  
  192  18:53  Stalker x9  
  192  19:04  Pylon  
  192  19:07  Gravitic Drive  
  192  19:08  Stalker x2  
  196  19:12  Warp Prism  
  172  19:39  Stalker x8  
  172  19:40  Stalker, Zealot x2  
  172  19:42  Disruptor  
  197  19:48  Disruptor  
  198  20:04  Gravitic Boosters  
  181  20:19  Photon Cannon  
  179  20:21  Zealot x4  
  179  20:22  Zealot, Dark Templar x5  
  199  20:33  Observer  
  197  20:59  Photon Cannon  
  197  21:00  Photon Cannon  
  197  21:02  Photon Cannon  
  179  21:18  Stalker x8  
  193  21:19  Disruptor  
  193  21:36  Tempest  
  188  21:51  Zealot x6  
  198  22:05  Zealot x6  
  182  22:18  Zealot x6  
  182  22:22  Photon Cannon  
  188  22:23  Pylon, Disruptor x2  
  188  22:24  Tempest  
  188  22:28  Shield Battery  
  192  22:54  Dark Templar  
  190  22:59  Disruptor x2  
  192  23:13  Zealot x4  
  192  23:19  Shadow Stride  
  181  23:30  Zealot x7  
  181  23:31  Zealot  
  183  23:34  Disruptor  
  183  23:38  Colossus  
  186  23:45  High Templar x4  
  160  23:58  Zealot x8  
  160  23:59  Archon  
  160  24:00  Colossus  
  116  24:17  Stalker x12  
  116  24:21  Colossus  
  135  24:24  Nexus  
  135  24:31  Nexus  
  141  24:39  Nexus  
  141  24:40  Tempest, Pylon  
  144  24:53  Disruptor  
  144  24:57  Assimilator  
  144  24:58  Sentry  
  149  25:02  Assimilator  
  149  25:03  Dark Templar  
  149  25:04  High Templar  
  148  25:07  Stalker  
  148  25:10  Protoss Air Weapons Level 2  
  144  25:15  Disruptor  
  129  25:29  Disruptor  
  130  25:42  Stalker x3  
  130  25:43  Stalker, Zealot  
  130  25:48  Probe  
  132  25:51  Probe, Disruptor  
  132  25:52  Probe  
  137  26:03  Zealot  
  139  26:32  Nexus  
  133  26:38  Disruptor  
  135  26:59  Zealot x7  
Show
View Real Time Build Order
Export as new Build Order

HeroMarine Terran - Winner!

Build Orders: Reaper Expand 

Get SALT Encoding   

  12  0:00  SCV  
  13  0:13  SCV  
  14  0:17  Supply Depot  
  14  0:25  SCV  
  15  0:39  SCV  
  15  0:40  Barracks  
  15  0:42  Refinery  
  16  0:51  SCV  
  17  1:03  SCV  
  18  1:15  SCV  
  19  1:27  Reaper, Orbital Command  
  20  1:44  Command Center  
  20  1:48  Supply Depot  
  20  1:53  SCV  
  21  1:59  Marine  
  22  2:05  SCV  
  23  2:09  Factory  
  23  2:13  Refinery  
  23  2:19  SCV  
  23  2:20  Barracks Reactor  
  24  2:29  Bunker  
  24  2:31  SCV  
  25  2:43  SCV  
  26  2:54  Hellion, Starport  
  26  2:55  SCV  
  26  2:58  Orbital Command  
  29  3:02  Marine  
  29  3:04  Marine  
  31  3:09  SCV  
  32  3:15  Widow Mine  
  32  3:19  Marine  
  34  3:21  SCV  
  35  3:27  SCV  
  35  3:31  Medivac  
  35  3:33  SCV  
  39  3:39  SCV, Widow Mine  
  39  3:40  Marine x2  
  42  3:43  Supply Depot  
  42  3:45  SCV  
  43  3:51  SCV  
  43  3:55  Supply Depot  
  44  3:57  Marine  
  44  3:58  SCV  
  44  4:02  Starport Tech Lab, Factory Tech Lab  
  46  4:05  SCV, Marine  
  48  4:10  SCV  
  48  4:15  Marine  
  50  4:17  SCV  
  50  4:21  Siege Tank  
  50  4:22  SCV, Marine  
  56  4:29  SCV, Supply Depot  
  57  4:31  Command Center  
  57  4:34  SCV  
  57  4:37  Raven  
  60  4:42  SCV  
  60  4:44  Bunker, Marine  
  62  4:51  SCV, Marine  
  62  4:52  Barracks  
  64  4:56  Supply Depot  
  64  4:58  SCV  
  65  5:00  Siege Tank  
  65  5:03  SCV  
  69  5:07  Marine  
  69  5:08  Barracks  
  70  5:16  SCV  
  70  5:17  SCV, Marine  
  70  5:20  Supply Depot  
  72  5:28  SCV, Marine  
  72  5:30  SCV  
  72  5:32  Siege Tank  
  76  5:41  Marine  
  76  5:42  SCV x2  
  76  5:46  Marine  
  74  5:51  Stimpack  
  74  5:54  SCV  
  74  5:55  Orbital Command  
  73  5:59  Marauder, Marine x2  
  73  6:00  Medivac  
  73  6:01  SCV  
  73  6:03  Refinery  
  73  6:04  Marine  
  79  6:06  SCV  
  79  6:07  Refinery  
  81  6:13  SCV  
  81  6:17  Marine  
  81  6:18  SCV  
  85  6:20  Engineering Bay, Marauder  
  85  6:21  Engineering Bay  
  85  6:25  SCV, Factory Reactor  
  87  6:32  Supply Depot  
  87  6:34  Supply Depot x2  
  87  6:35  Starport Reactor  
  87  6:40  Barracks x2  
  87  6:41  SCV, Marauder  
  87  6:42  SCV  
  87  6:44  Marauder  
  87  6:46  Combat Shield  
  93  6:51  Terran Infantry Weapons Level 1  
  93  6:54  SCV, Marine x2  
  93  6:56  SCV  
  93  6:57  Orbital Command  
  93  7:00  Supply Depot  
  97  7:05  Marauder  
  97  7:06  SCV, Marauder  
  101  7:09  SCV, Missile Turret  
  102  7:16  Medivac x2, Supply Depot x2  
  102  7:18  SCV  
  102  7:21  Missile Turret  
  102  7:22  SCV  
  108  7:25  Terran Infantry Armor Level 1  
  108  7:27  SCV  
  109  7:30  Barracks Reactor, SCV, Barracks Tech Lab  
  109  7:31  Bunker, Widow Mine  
  109  7:34  SCV, Refinery, Widow Mine  
  109  7:36  Refinery  
  117  7:37  Marauder  
  117  7:39  SCV, Marauder, Marine x2  
  117  7:42  SCV  
  123  7:46  SCV  
  123  7:49  Concussive Shells  
  123  7:50  Marauder  
  126  7:51  SCV  
  126  7:56  Supply Depot  
  126  7:57  Marine x2  
  131  7:58  Marauder  
  131  8:00  Supply Depot  
  131  8:02  Marauder  
  133  8:08  Medivac, Widow Mine x2  
  133  8:11  Supply Depot  
  133  8:12  Supply Depot, Marauder  
  141  8:18  Medivac, Marine x2  
  147  8:20  Marauder  
  147  8:22  Marine x2  
  147  8:23  SCV x3, Command Center  
  151  8:28  Armory  
  151  8:30  Marauder  
  151  8:32  Widow Mine  
  151  8:33  Marauder, Widow Mine  
  159  8:38  Marine x2  
  162  8:41  Marauder  
  162  8:47  Medivac  
  162  8:48  Medivac  
  166  8:52  Marauder  
  166  8:53  Marine x2  
  166  8:54  Marauder, Starport  
  172  8:58  Supply Depot x2  
  174  9:03  Marauder  
  172  9:14  Marauder  
  172  9:16  Marauder  
  172  9:18  Terran Infantry Weapons Level 2  
  172  9:19  Barracks  
  172  9:20  Barracks  
  169  9:25  Viking x2  
  169  9:26  Barracks  
  169  9:30  Marauder  
  175  9:35  Marauder  
  176  9:42  Marauder, Marine x3  
  177  9:51  Marauder  
  179  9:55  Viking  
  179  9:57  Marauder  
  177  10:00  Marine  
  177  10:03  Viking  
  177  10:04  Viking x2, Marauder  
  177  10:06  Marine  
  180  10:12  Marine x2  
  180  10:13  Marauder  
  176  10:16  Terran Infantry Armor Level 2  
  176  10:18  Marauder  
  176  10:24  SCV x3  
  176  10:25  Viking, Marauder  
  176  10:28  Planetary Fortress, Refinery  
  179  10:32  Barracks Reactor, Barracks Tech Lab  
  179  10:33  Viking  
  179  10:34  Marauder  
  183  10:35  Terran Ship Weapons Level 1  
  183  10:36  Ghost Academy  
  183  10:37  Barracks Tech Lab  
  183  10:38  SCV x2  
  183  10:40  SCV, Refinery  
  185  10:47  Missile Turret  
  185  10:49  Missile Turret  
  185  10:51  Missile Turret  
  185  10:53  Missile Turret  
  185  10:55  Missile Turret  
  185  11:00  Marauder x3  
  185  11:01  Missile Turret  
  185  11:03  SCV x2  
  191  11:07  Enhanced Shockwaves, Ghost  
  191  11:09  Marine  
  191  11:10  Marine x4  
  198  11:16  Sensor Tower  
  198  11:23  Ghost  
  200  11:28  Sensor Tower  
  197  11:41  Marauder  
  197  11:46  Marauder, Marine x2  
  197  11:47  Marine x2  
  184  11:48  Marauder  
  188  11:54  Marine  
  188  11:55  Marauder x2, Marine  
  193  12:03  Marauder  
  193  12:04  Marine  
  193  12:07  Marauder, Marine  
  188  12:09  Marauder  
  188  12:10  Marine  
  188  12:11  Marine  
  188  12:16  Marauder x2  
  186  12:24  Marauder  
  186  12:25  Marine x2  
  186  12:28  Marauder, Marine x2  
  186  12:29  Marine  
  187  12:35  Medivac x2, Marauder  
  182  12:38  Marauder x2  
  182  12:42  Terran Infantry Weapons Level 3, Terran Infantry Armor Level 3  
  182  12:43  Marine x2  
  182  12:44  Marine  
  162  12:45  Marine  
  162  12:46  Marauder, Marine  
  162  12:47  Marine  
  162  12:48  Medivac  
  162  12:49  Medivac  
  162  12:50  Marauder  
  155  12:56  Marauder  
  149  12:59  Marauder, Marine  
  149  13:01  Marine x2  
  149  13:05  Medivac x2  
  146  13:07  Command Center, Marauder, Terran Ship Weapons Level 2  
  146  13:08  Command Center  
  146  13:09  Personal Cloaking  
  146  13:11  Marauder  
  150  13:16  Ghost  
  150  13:17  Ghost  
  150  13:19  Sensor Tower  
  154  13:22  Ghost  
  156  13:27  Marine x3  
  156  13:28  Ghost, Marine x3  
  156  13:32  Ghost  
  156  13:33  Fusion Core  
  166  13:36  Viking  
  167  13:45  Marauder, Marine x3  
  167  13:46  Marauder  
  174  13:52  Marauder  
  175  13:56  Marine x2  
  175  13:57  Marauder  
  175  13:58  Marine  
  175  14:01  Marauder  
  168  14:07  Ghost, Marauder  
  166  14:10  Marine x2  
  166  14:12  Ghost  
  166  14:14  Marine x2  
  172  14:17  Ghost  
  172  14:20  Marine  
  172  14:21  Ghost  
  162  14:24  Marine  
  162  14:28  Marauder, Marine x2  
  153  14:32  Marine  
  153  14:35  Ghost  
  156  14:39  Advanced Ballistics  
  156  14:40  Missile Turret  
  156  14:41  Ghost  
  156  14:42  Marine x3  
  161  14:45  Marine  
  161  14:46  Marine  
  161  14:47  Marauder  
  161  14:50  Ghost, Marauder, Marine  
  170  14:54  Missile Turret  
  170  14:58  Planetary Fortress  
  170  14:59  Refinery  
  170  15:01  SCV x3  
  170  15:04  Refinery  
  170  15:05  Marauder  
  173  15:08  Marauder  
  173  15:14  Liberator x3  
  178  15:20  Liberator  
  185  15:27  Marauder  
  185  15:28  Marauder x2  
  189  15:35  Planetary Fortress  
  189  15:37  Marauder  
  189  15:41  Command Center  
  189  15:42  Command Center  
  191  15:57  Medivac, Liberator x2  
  189  15:58  Rapid Reignition System  
  195  16:06  Liberator  
  197  16:26  Liberator  
  197  16:39  Liberator  
  192  16:42  Ghost x2  
  192  16:43  Command Center  
  199  16:48  Command Center  
  199  16:51  Missile Turret  
  198  16:56  Missile Turret  
  198  16:57  Missile Turret  
  195  17:06  Ghost x2  
  198  17:13  Terran Ship Weapons Level 3  
  198  17:14  Ghost  
  197  17:17  Marauder  
  197  17:18  Marine  
  199  17:23  Nuke  
  199  17:25  Ghost Academy  
  199  17:26  Ghost Academy  
  199  17:27  Refinery x2, Orbital Command  
  189  17:31  Marauder  
  189  17:37  Ghost  
  187  17:46  Missile Turret  
  187  17:47  Liberator x2  
  187  17:48  Liberator x2  
  192  17:53  Hi-Sec Auto Tracking, Neosteel Armor  
  192  18:16  Orbital Command  
  178  18:30  Liberator x4  
  179  18:34  Marauder x2  
  179  18:41  Marauder x2  
  181  18:43  Marauder, Marine x2  
  181  18:46  Marine  
  181  18:47  Marine  
  178  18:53  Marine x2  
  148  18:56  Marauder x2  
  148  18:58  Starport  
  148  19:01  Marine x2, Nuke x2  
  148  19:02  Marauder x2  
  158  19:04  Marine x3  
  161  19:11  Nuke  
  161  19:13  Viking x4  
  169  19:17  Marauder x2  
  169  19:18  Marine  
  169  19:20  Orbital Command  
  169  19:22  Ghost  
  169  19:23  Marauder  
  178  19:28  Marauder  
  159  19:38  Marauder  
  159  19:41  Marauder, Marine x2  
  159  19:42  Marine x2  
  159  19:43  Marine x2, Liberator x2  
  159  19:45  Marauder  
  175  19:49  Ghost  
  175  19:50  Ghost, Terran Vehicle And Ship Armor Level 1  
  179  19:56  Liberator x2  
  179  19:58  Marine  
  180  20:05  Marauder  
  176  20:07  Marauder x2, Marine x2  
  176  20:16  Marine x2  
  176  20:18  Marauder  
  176  20:19  Marauder  
  176  20:20  Marine x2  
  184  20:25  Marine  
  184  20:26  Ghost, Liberator x2  
  184  20:27  Nuke  
  184  20:28  Nuke  
  190  20:51  Liberator x2  
  190  20:54  Marauder  
  190  20:55  Marauder x2  
  198  20:57  Marauder  
  200  21:06  Missile Turret  
  200  21:07  Missile Turret  
  194  21:19  Marauder x2, Marine x2  
  200  21:28  Command Center  
  200  21:29  Medivac x2  
  200  21:32  Marauder  
  192  21:33  Marauder  
  190  21:42  Marauder  
  182  21:48  Ghost x2  
  182  21:53  Ghost  
  188  21:55  Ghost  
  188  21:59  Marine x3  
  191  22:03  Ghost  
  191  22:08  Marine x2  
  171  22:16  Marine x3  
  171  22:17  Ghost, Marauder  
  171  22:18  Marine  
  171  22:21  Ghost  
  176  22:23  Ghost  
  176  22:26  Marine  
  169  22:39  Medivac x3  
  169  22:40  Medivac  
  175  22:47  Marauder, Marine x2  
  175  22:48  Marine  
  175  22:51  Marine x2  
  179  22:55  Missile Turret  
  179  22:59  Ghost  
  179  23:00  Marauder x2  
  185  23:09  Medivac x2  
  185  23:11  Refinery  
  185  23:12  Missile Turret  
  185  23:14  Marauder x2  
  185  23:15  Liberator x2  
  185  23:17  Refinery  
  187  23:21  Marauder x2, Marine x2  
  187  23:24  Marine x2  
  181  23:28  Marauder  
  171  23:35  Marauder  
  171  23:36  Marauder, Marine  
  171  23:38  Marine  
  171  23:39  Medivac, Marine, Liberator  
  171  23:40  Planetary Fortress  
  174  23:51  Marauder  
  174  23:54  Marauder, Marine  
  160  23:56  Marauder  
  160  23:57  Marine  
  160  24:00  Marine x2  
  160  24:01  Marauder  
  155  24:03  Marine  
  156  24:10  Marauder  
  154  24:23  Marauder x2, Marine  
  159  24:24  Missile Turret  
  159  24:30  Liberator x2  
  165  24:32  Liberator  
  165  24:35  Liberator  
  171  24:39  Marauder  
  171  24:40  Marine x2  
  171  24:41  Marine  
  171  24:42  Marine  
  175  24:55  Marauder x2, Marine x3  
  175  24:56  Marine  
  183  25:11  Marauder  
  183  25:13  Viking x2  
  187  25:15  Orbital Command, Liberator  
  187  25:16  Marine x2  
  187  25:17  Marauder  
  187  25:18  Marauder, Liberator  
  199  25:21  Marine  
  190  25:28  Marauder  
  190  25:32  Marauder, Marine  
  189  25:38  Marauder  
  189  25:39  Marauder  
  180  25:42  Liberator  
  180  25:43  Liberator  
  180  25:45  Ghost  
  183  25:53  Ghost x2  
  184  25:58  Liberator  
  184  26:01  Liberator  
  190  26:23  Viking  
  190  26:24  Marauder  
  190  26:25  Viking, Marauder  
  196  26:26  Viking  
  197  26:40  Nuke x3  
  197  26:41  Viking  
  197  26:46  Command Center  
  199  27:06  Command Center  
  197  27:22  Command Center  
Tags
 
Add a new tag
Caveats
  • Supply blocks, unpowered buildings, or Contaminate may cause inaccurate times.
  • Supply counts are checked every 10 seconds.